AoeStats
← monga0410

MegaRandom

510775009Analyzed
2v2 RM · 19h ago on Oct 2, 2026· 49m 57s· 4 players
Game mode
Random Map
Map size
Medium (4 player)
Population
200
Speed
Normal
Resources
Standard
Victory
Conquest
Starting age
Dark Age
Ending age
Imperial Age
RankedLock teamsTeams togetherTeam positionsShared explorationLock speedFull tech treeHidden civsTurbo modeCheats
Victory
Defeat
🇹🇼 Danes · Taiwan
1075
+15
🇹🇼 Wei · Taiwan
1073
+15
🇩🇰 Danes · Denmark
1087
-17
🇩🇪 Magyars · Germany
1000
-40
anguszheng11
11:15 Feudal Age
12:35 Wheelbarrow
11:48 Double-Bit Axe
14:25 Loom
23:12 Castle Age
22:52 Fletching
26:39 Fletching
30:41 Gold Mining
31:49 Horse Collar
32:13 Stone Mining
33:05 Bodkin Arrow
39:39 Ballistics
42:33 Imperial Age
42:41 Imperial Age
45:21 Gold Shaft Mining
47:28 Stone Shaft Mining
47:13 Hand Cart
47:04 Heavy Plow
48:02 Parthian Tactics
49:03 Bracer
monga0410
7:43 Loom
11:13 Feudal Age
11:39 Double-Bit Axe
11:54 Horse Collar
13:04 Loom
19:45 Castle Age
21:08 Bow Saw
23:55 Wheelbarrow
23:41 Town Watch
23:58 Gold Mining
24:36 Heavy Plow
25:24 Squires
29:51 Scale Mail Armor
31:33 Chain Mail Armor
31:31 Arson
32:56 Gold Shaft Mining
34:12 Forging
36:50 Iron Casting
36:57 Hand Cart
39:14 Imperial Age
36:37 Hamask
38:06 Town Patrol
39:17 Ballistics
39:07 Masonry
40:22 Conscription
39:23 Elite Jomsviking
40:41 Hoardings
40:40 Plate Mail Armor
41:12 Blast Furnace
39:38 Heavy Scorpion
40:04 Capped Ram
40:57 Siege Ram
46:37 Northmen's Fury
47:28 Siege Engineers
propz
8:49 Loom
10:49 Feudal Age
9:09 Loom
14:32 Forging
14:23 Scale Mail Armor
14:13 Man-at-Arms
14:39 Arson
27:34 Wheelbarrow
28:39 Double-Bit Axe
28:36 Horse Collar
32:25 Castle Age
31:16 Fletching
31:26 Padded Archer Armor
33:25 Squires
32:46 Pikeman
32:47 Elite Skirmisher
33:40 Bodkin Arrow
34:21 Iron Casting
34:01 Chain Mail Armor
34:07 Gambesons
34:36 Long Swordsman
36:11 Chain Mail Armor
37:07 Bow Saw
41:07 Hand Cart
41:39 Town Watch
42:00 Caravan
42:51 Town Patrol
46:38 Thumb Ring
ChemoCarsten
2:06 Loom
7:50 Loom
10:35 Feudal Age
12:17 Double-Bit Axe
15:08 Bloodlines
14:51 Horse Collar
25:26 Castle Age
23:44 Scale Barding Armor
25:05 Gold Mining
25:09 Stone Mining
24:51 Man-at-Arms
28:33 Chain Barding Armor
28:31 Bow Saw
29:26 Gold Shaft Mining
29:29 Husbandry
32:56 Heavy Plow
39:45 Caravan
42:15 Corvinian Army
45:07 Long Swordsman
49:25 Imperial Age
49:26 Scale Mail Armor
Connection lost

Rejoining the realm…

Still unreachable

The connection could not be restored.

Session expired

The server has moved on; the page needs a fresh start.